 Dungeon Crawl Stone Soup version 0.19.4 (webtiles) character file.

272 Jerry the Shield-Bearer (level 6, -1/48 HPs)
             Began as a Formicid Fighter on Feb 1, 2017.
             Slain by an orc priest
             ... wielding a +0 hand axe of electrocution
              (6 damage)
             ... on level 4 of the Dungeon.
             The game lasted 00:07:16 (2675 turns).

Jerry the Shield-Bearer (Formicid Fighter)          Turns: 2675, Time: 00:07:17

Health: -1/48      AC: 10    Str: 25    XL:     6   Next: 48%
Magic:  6/6        EV: 10    Int: 10    God:
Gold:   128        SH:  0    Dex: 10    Spells: 0 memorised, 5 levels left

rFire  . . .     SeeInvis +     a - +0 war axe
rCold  . . .     Gourm    .     b - +0 scale mail
rNeg   . . .     Faith    .     D - +0 buckler
rPois  .         Spirit   .     (helmet unavailable)
rElec  .         Reflect  .     A - +0 cloak
rCorr  .         Harm     .     e - +0 pair of gloves
MR     .....                    B - +0 pair of boots
Stlth  ..........               (no amulet)
                                (no ring)
                                (no ring)

@: confused, mighty, invisible
A: permanent stasis, dig shafts and tunnels, four strong arms, antennae 3
a: Dig, Shaft Self


You were on level 4 of the Dungeon.
You were not hungry.

You visited 1 branch of the dungeon, and saw 4 of its levels.

You collected 128 gold pieces.

Inventory:

Hand Weapons
 a - a +0 war axe (weapon)
Armour
 b - a +0 scale mail (worn)
 c - a +0 shield
 e - a +0 pair of gloves (worn)
 t - +0 fire dragon scales
 A - a +0 cloak (worn)
 B - a +0 pair of boots (worn)
 D - a +0 buckler (worn)
Wands
 p - a wand of disintegration (7/24)
 w - a wand of flame (34/48)
Scrolls
 k - a scroll of blinking {unknown}
 l - 2 scrolls of identify {unknown}
 m - 3 scrolls of remove curse {unknown}
 o - 2 scrolls of immolation {unknown}
 r - 4 scrolls of amnesia {unknown}
 y - a scroll of noise {unknown}
 z - a scroll of random uselessness {unknown}
 E - a scroll of enchant weapon {unknown}
Potions
 h - a potion of invisibility
 j - a potion of haste {unknown}
 n - 2 potions of degeneration {unknown}
 u - 2 potions of curing {unknown}
 v - a potion of resistance {unknown}
 F - a potion of brilliance {unknown}
 G - a potion of flight {unknown}
Books
 C - a book of Misfortune

   Spells                             Type                      Level
   a - Confusing Touch                Hexes                        1
   b - Confuse                        Hexes                        3
   c - Gell's Gravitas                Hexes/Translocation          3
   d - Petrify                        Transmutation/Earth          4
   e - Metabolic Englaciation         Hexes/Ice                    5
   f - Yara's Violent Unravelling     Hexes/Transmutation          5
Comestibles
 f - 5 bread rations
 g - 2 chunks of flesh
 i - a slice of pizza
 q - a meat ration
 s - 2 fruits
 x - 2 beef jerkies


   Skills:
 + Level 4.2 Fighting
 * Level 4.2 Axes
 + Level 4.5 Armour
 + Level 4.8 Shields


You had 5 spell levels left.
You didn't know any spells.

Dungeon Overview and Level Annotations

Branches:
Dungeon (4/15)
 Temple: D:4-7

Altars:
Ashenzari


Innate Abilities, Weirdness & Mutations

You are under a permanent stasis effect.
You can dig through walls and to a lower floor.
Your four strong arms can wield two-handed weapons with a shield.
You have a pair of large antennae on your head. (SInv)


Message History

You are more confused.
The orc priest miscasts a cantrip.
You feel very mighty all of a sudden.
The orc wizard looks encouraged for a moment.
The orc priest hits you but does no damage.
You bump into the rock wall.
The orc wizard closely misses you.
The orc priest hits you with a hand axe of electrocution.
* * * LOW HITPOINT WARNING * * *
You closely miss the orc wizard. You miss the orc priest.
The orc wizard hits you but does no damage.
The orc wizard casts a spell.
The orc wizard flickers and vanishes for a moment.
The orc priest hits you with a hand axe of electrocution.
* * * LOW HITPOINT WARNING * * *
The orc wizard points at you and mumbles some strange words.
You resist with some effort.
It was a potion of invisibility.
You fade into invisibility!
The orc priest hits you with a hand axe of electrocution.
You die...

o###. #. { .... # #.#####{..
#.#.#<..... ##.#...#...
.....#...o# { # #.#...##$#
#.##.#.....o#######.
#......รท...o@ooooo..
.##.#.#.#####################
.......>....................#
.###.##.##################.##
.. ..$. #.# ##....... #.#
#.......# #.# #.......# #.#
#.......# #.#


You could see 2 orc priests, 4 orc wizards and 2 orcs.

Vanquished Creatures
  An ice beast (D:3)
  A jelly (D:3)
  Robin (D:2)
  5 adders
  An ooze (D:3)
  3 worms (D:2)
  2 dart slugs
  3 leopard geckos
  An orc (D:3)
  4 bats
  3 giant cockroaches
  17 goblins
  14 hobgoblins
  A frilled lizard (D:3)
  9 kobolds
  8 rats
74 creatures vanquished.

Notes
Turn   | Place    | Note
-------+----------+-------------------------------------------
     0 | D:1      | Jerry the Formicid Fighter began the quest for the Orb.
     0 | D:1      | Reached XP level 1. HP: 18/18 MP: 1/1
   246 | D:1      | Reached XP level 2. HP: 24/24 MP: 2/2
   298 | D:1      | You fall through a shaft!
   516 | D:2      | Reached XP level 3. HP: 28/29 MP: 3/3
   593 | D:2      | Noticed Robin
   712 | D:2      | Reached XP level 4. HP: 28/35 MP: 4/4
   713 | D:2      | Killed Robin
  1117 | D:2      | Found a shattered altar of Ashenzari.
  1550 | D:1      | Reached XP level 5. HP: 42/42 MP: 5/5
  2032 | D:3      | Noticed an ice beast
  2042 | D:3      | Killed an ice beast
  2042 | D:3      | Reached XP level 6. HP: 31/48 MP: 6/6
  2511 | D:3      | Found a faded altar of an unknown god.
  2675 | D:4      | Slain by an orc priest

Skill      XL: |  1  2  3  4  5 |
---------------+----------------+-----
Shields        | 4 |  4.8
Armour         | 4 |  4.5
Axes           | 3 4 |  4.2
Fighting       | 4 |  4.2

Action                   |  1- 3 |  4- 6 || total
-------------------------+-------+-------++-------
Melee: War axe           |    78 |   146 ||   224
  Use: Potion            |       |     2 ||     2
  Eat: Chunk             |       |     6 ||     6
Armor: Scale mail        |    42 |    75 ||   117
Dodge: Dodged            |    20 |    72 ||    92
Block: Shield            |    53 |    63 ||   116
       Buckler           |       |     5 ||     5
